 Dungeon Crawl Stone Soup version 0.29-a0-330-g52719c12eb (webtiles) character file.

Game seed: 2820804509171667545

0 Flugslaktarn the Stinger (level 1, -1/13 HPs)
             Began as a Human Venom Mage on Apr 12, 2022.
             Succumbed to an adder's poison
             ... on level 2 of the Dungeon.
             The game lasted 00:00:29 (104 turns).

Flugslaktarn the Stinger (Human Venom Mage)          Turns: 104, Time: 00:00:29

Health: -1/13      AC:  2    Str:  8    XL:     1   Next: 11%
Magic:  1/3        EV: 12    Int: 15    God:
Gold:   21         SH:  0    Dex: 13    Spells: 4/4 levels left

rFire   . . .      SeeInvis .   (no weapon)
rCold   . . .      Faith    .   (no shield)
rNeg    . . .      Spirit   .   a - +0 robe
rPois   .          Reflect  .   (no helmet)
rElec   .          Harm     .   (no cloak)
rCorr   .          Rampage  .   (no gloves)
Will    .....                   (no boots)
Stlth   ++........              (no amulet)
HPRegen 0.04/turn               (no ring)
MPRegen 0.08/turn               (no ring)

@: lethally poisoned (-1 -> -7)
A: no striking features
a: no special abilities


You were on level 2 of the Dungeon.
You visited 1 branch of the dungeon, and saw 2 of its levels.

You collected 21 gold pieces.

Inventory:

Armour
 a - a +0 robe (worn)
Scrolls
 c - a scroll of enchant armour {unknown}
 d - a scroll of amnesia
Potions
 b - a potion of magic


   Skills:
 - Level 2.0 Dodging
 - Level 2.0 Stealth
 - Level 2.0 Spellcasting
 + Level 1.1 Transmutations
 - Level 3.0 Poison Magic


You had 4 spell levels left.
You didn't know any spells.
Your spell library contained the following spells:

 Spells                   Type           Power      Damage    Failure   Level
 Sting                    Tmut/Pois      28%        1d4       10%         1
 Poisonous Vapours        Pois/Air       12%        N/A       19%         2
 Mephitic Cloud           Conj/Pois/Air  4%         N/A       41%         3
 Olgreb's Toxic Radiance  Pois           10%        N/A       54%         4


Dungeon Overview and Level Annotations

Branches:
Dungeon (2/15)

Altars:


Message History

Press ? for a list of commands and other information.
Found a staircase leading out of the dungeon.
As you open the door, it creaks loudly!
Found a hand axe.
There is an open door here.
Found 17 gold pieces.
Found a stone staircase leading down.
Found 4 gold pieces.
You now have 17 gold pieces.
There is a stone staircase leading down here.
You now have 21 gold pieces (gained 4).
There is a stone staircase leading down here.
You climb downwards.
Found a stone staircase leading down.
There is a stone staircase leading up here.
Found a scroll labelled ICOFEFF CELYSO.
Found a scroll labelled GYSTRO JYRA.
c - a scroll labelled ICOFEFF CELYSO
d - a scroll labelled GYSTRO JYRA
Found 28 stones.
You see here 28 stones.
Found a scroll labelled GYSTRO JYRA.
A giant cockroach comes into view.
Found 16 stones.
A ball python comes into view.
You see here a scroll labelled GYSTRO JYRA.
d - 2 scrolls labelled GYSTRO JYRA (gained 1)
Casting: Sting (safe; 10% risk of failure)
Confirm with . or Enter, or press ? or * to list all spells.
Aiming: Sting (safe; 10% risk of failure)
Press: ? - help, Shift-Dir - straight line, f - ball python
Aim: a ball python (64% to hit)
The sting hits the ball python.
The ball python is poisoned.
The ball python is moderately wounded.
The ball python closely misses you. The ball python grabs you.
The ball python constricts you.
You escape the ball python's grasp.
You kill the ball python!
Found 17 stones.
An adder comes into view.
Casting: Sting (safe; 10% risk of failure)
Confirm with . or Enter, or press ? or * to list all spells.
Aiming: Sting (safe; 10% risk of failure)
Press: ? - help, Shift-Dir - straight line, f - adder
Aim: an adder (asleep, 100% to hit)
The sting hits the adder.
The adder is poisoned.
The adder is lightly wounded.
The adder hisses angrily.
Casting: Sting (safe; 10% risk of failure)
Confirm with . or Enter, or press ? or * to list all spells.
Aiming: Sting (safe; 10% risk of failure)
Press: ? - help, Shift-Dir - straight line, f/p - adder
Aim: an adder (lightly wounded, poisoned, 48% to hit)
You miscast Sting.
You are very lightly contaminated with residual magic.
Nothing appears to happen.
The adder bites you.
Casting: Sting (safe; 10% risk of failure)
Confirm with . or Enter, or press ? or * to list all spells.
Aiming: Sting (safe; 10% risk of failure)
Press: ? - help, Shift-Dir - straight line, f/p - adder
Aim: an adder (moderately wounded, poisoned, 48% to hit)
The sting misses the adder.
The adder bites you.
You hit the adder but do no damage.
The adder is moderately wounded.
The adder closely misses you. The adder bites you.
You hit the adder.
The adder is moderately wounded.
The adder bites you.
You miss the adder.
The adder is heavily wounded.
The adder closely misses you.
You miss the adder.
The adder is severely wounded.
The adder closely misses you.
You closely miss the adder.
The adder is severely wounded.
The adder looks more healthy.
The adder closely misses you. The adder bites you.
Your magical contamination has completely faded away.
You hit the adder but do no damage.
The adder is severely wounded.
The adder bites you but does no damage.
Casting: Sting (safe; 10% risk of failure)
Confirm with . or Enter, or press ? or * to list all spells.
You don't have enough magic to cast this spell.
You barely miss the adder.
The adder is severely wounded.
The adder bites you.
You hit the adder but do no damage.
The adder is severely wounded.
The adder barely misses you. The adder bites you.
* * * LOW HITPOINT WARNING * * *
You are lethally poisoned!
The adder poisons you!
Okay, then.
As you read the scroll labelled GYSTRO JYRA, it crumbles to dust.
It is a scroll of amnesia.
Forget Sting, freeing 1 spell level for a total of 4?
Your memory of Sting unravels.
You die...

# #.
#.################
##.S...##.........###
#...@................
#.####.##............
#.###########... #.#
#... #.# #### #.# #.#
#.. (.. ...


You could see an adder.

Vanquished Creatures
  A ball python (D:2)
1 creature vanquished.

Notes
Turn   | Place    | Note
-------+----------+-------------------------------------------
     0 | D:1      | Flugslaktarn the Human Venom Mage began the quest for the
                  | Orb.
     0 | D:1      | Reached XP level 1. HP: 13/13 MP: 3/3
   104 | D:2      | Succumbed to an adder's poison

Illustrated notes

Levels and vault maps discovered:
D:1:      amcnicky_arrival_feature_with_door, layout_basic
D:2:      layout_basic, dilly_ecumenical_altar_fadedgnrine,
          kennysheep_generic_room_9, uniq_crazy_yiuf_cottage

Action                   || total
-------------------------++-------
Melee: Unarmed           ||     8
 Cast: Sting             ||     3
  Use: Scroll            ||     1
Armor: Robe              ||     1
Dodge: Dodged            ||     6

Table legend: (Time is in decaauts)
 A = Elapsed time spent in this place.
 B = Non-inter-level travel time spent in this place.
 C = Inter-level travel time spent in this place.
 D = Time resting spent in this place.
 E = Time spent auto-exploring this place.
 F = Levels seen in this place.
 G = Mean time per level.
                   A        B        C        D        E       F      G
               +--------+--------+--------+--------+--------+-----+--------+
         Total |    103 |    103 |      0 |      0 |      0 |   2 |   51.5 |
       Dungeon |    103 |    103 |      0 |      0 |      0 |   2 |   51.5 |
               +--------+--------+--------+--------+--------+-----+--------+

Top non-repeatable levels by time:
     D:2: 73 daAuts
     D:1: 30 daAuts
